Map: Hardwire LE

Players

Spirit (souL)

  • Race: Terran Terran
  • League: Master

Lambo - Winner!

  • Race: Zerg Zerg
  • League: Grandmaster

VOD

Have the link to the VOD?

Description

Time

  • Played on: Oct. 21, 2021, 8:11 a.m.
  • Length: 22:10
Show
View Real Time Build Order
Export as new Build Order

Spirit Terran 

Build Orders: Hellion Banshee 

Get SALT Encoding   

  12  0:00  SCV  
  13  0:12  SCV  
  14  0:17  Supply Depot  
  14  0:24  SCV  
  15  0:38  SCV  
  15  0:40  Barracks  
  16  0:44  Refinery  
  16  0:50  SCV  
  17  1:02  SCV  
  18  1:15  SCV  
  19  1:27  Marine, Orbital Command  
  20  1:39  Command Center  
  20  1:45  Reaper  
  21  1:52  Supply Depot  
  21  1:53  SCV  
  22  2:06  Factory  
  22  2:11  SCV, Refinery  
  23  2:21  Barracks Reactor  
  23  2:23  SCV  
  24  2:35  SCV  
  25  2:48  SCV  
  26  2:52  Orbital Command  
  26  2:53  Starport  
  26  3:00  SCV  
  26  3:03  Hellion x2  
  31  3:08  Barracks Tech Lab  
  31  3:12  SCV  
  32  3:18  Supply Depot, SCV  
  33  3:24  SCV, Hellion x2  
  38  3:30  SCV  
  39  3:35  Cloaking Field, Banshee  
  39  3:36  SCV  
  39  3:39  Barracks Tech Lab  
  43  3:42  SCV  
  43  3:46  Hellion  
  43  3:47  Hellion  
  48  3:49  SCV  
  48  3:55  Supply Depot, SCV  
  50  3:57  Stimpack  
  50  3:58  Marine  
  51  4:04  SCV  
  51  4:07  SCV  
  53  4:16  SCV  
  54  4:17  Hellion x2  
  54  4:19  Marine, SCV  
  54  4:20  Supply Depot  
  60  4:28  SCV  
  60  4:31  SCV  
  62  4:41  Banshee  
  62  4:42  SCV  
  62  4:43  SCV  
  62  4:44  Barracks, Supply Depot  
  67  4:45  Factory Reactor, Barracks  
  67  4:54  SCV  
  67  4:55  SCV  
  67  4:59  Command Center  
  69  5:00  Marine  
  69  5:06  SCV  
  71  5:07  SCV  
  68  5:18  SCV  
  68  5:19  SCV  
  68  5:21  Engineering Bay  
  68  5:23  Engineering Bay  
  66  5:30  Marine, SCV  
  66  5:31  SCV  
  64  5:39  Combat Shield  
  64  5:40  Starport Reactor  
  64  5:42  SCV  
  61  5:43  SCV  
  61  5:45  Refinery x2  
  61  5:46  Marine  
  61  5:47  Marine x3, Siege Tank  
  61  5:49  Barracks  
  69  5:51  Terran Infantry Weapons Level 1, Barracks, Terran Infantry Armor Level 1  
  69  5:55  Marine  
  70  6:00  Supply Depot, SCV  
  70  6:03  SCV  
  72  6:04  Marine x2  
  72  6:05  Marine  
  72  6:06  Marine  
  76  6:12  Supply Depot  
  76  6:13  Marine  
  76  6:15  Orbital Command  
  77  6:20  Medivac x2  
  77  6:21  Supply Depot  
  77  6:22  Marine  
  77  6:24  Marine  
  83  6:26  Supply Depot, SCV x2  
  83  6:30  Siege Tank  
  83  6:31  Marine x2  
  90  6:33  Marine  
  90  6:39  Barracks Reactor, SCV  
  92  6:40  Marine  
  92  6:41  Marine  
  92  6:43  Orbital Command  
  94  6:48  Marine, SCV  
  94  6:49  Marine  
  94  6:51  Marine, SCV  
  94  6:53  Barracks Reactor  
  99  6:55  Supply Depot x2  
  99  6:57  Bunker  
  99  6:58  Marine, Supply Depot  
  99  6:59  Marine  
  101  7:05  Medivac x2  
  101  7:06  Marine  
  101  7:07  Marine  
  107  7:09  Marine, SCV x2  
  107  7:12  Siege Tank  
  107  7:15  SCV  
  114  7:17  Marine  
  114  7:21  SCV x2  
  117  7:23  Marine, Supply Depot  
  117  7:25  Marine  
  117  7:27  SCV  
  120  7:31  Marine  
  120  7:35  Marine  
  120  7:36  Marine  
  122  7:38  Marine  
  122  7:39  Marine  
  122  7:40  Marine x2  
  122  7:41  Marine  
  127  7:49  Marine  
  117  7:54  Marine x3, Medivac x2  
  117  7:56  Marine  
  117  7:57  Marine  
  117  7:58  Marine x2, Armory  
  127  7:59  Marine  
  127  8:01  Command Center  
  127  8:07  Marine  
  127  8:08  Siege Tank  
  127  8:12  Marine x3  
  132  8:13  Marine  
  132  8:14  Marine  
  132  8:16  Marine  
  137  8:22  Marine x2  
  137  8:24  Medivac x2  
  137  8:25  Marine  
  137  8:26  SCV, Refinery  
  145  8:27  SCV  
  145  8:30  Marine x2  
  145  8:32  Marine, SCV  
  145  8:33  Refinery  
  145  8:34  Marine  
  150  8:37  Marine  
  150  8:38  SCV  
  150  8:39  Marine, SCV  
  155  8:45  Marine  
  155  8:46  Marine, Factory  
  157  8:48  Marine  
  157  8:54  Marine x2, Medivac  
  156  8:57  Marine  
  157  9:06  Terran Infantry Weapons Level 2  
  157  9:07  Supply Depot  
  157  9:08  Terran Infantry Armor Level 2  
  157  9:10  Supply Depot  
  157  9:11  Supply Depot  
  157  9:12  Marine x4  
  157  9:13  SCV  
  157  9:14  Terran Vehicle Weapons Level 1  
  157  9:16  SCV x2  
  164  9:20  Marine x2  
  164  9:24  Marine x2  
  166  9:25  Marine, SCV  
  166  9:27  Siege Tank  
  166  9:30  Marine x2, SCV  
  176  9:32  SCV  
  176  9:33  Factory Tech Lab  
  177  9:40  Planetary Fortress, Barracks x2  
  177  9:52  Marine, Supply Depot, Sensor Tower  
  178  9:53  Marine  
  178  9:54  Sensor Tower  
  178  9:55  Hellion  
  178  9:59  Siege Tank  
  183  10:07  Marine  
  183  10:08  Command Center  
  181  10:16  Siege Tank  
  181  10:18  Ghost Academy, SCV x2  
  181  10:19  Barracks  
  182  10:30  Barracks Tech Lab x2  
  182  10:32  Marine, Marauder  
  176  10:38  Marine x3  
  176  10:40  Siege Tank  
  176  10:41  Marine x3  
  176  10:42  Marine  
  164  10:48  Siege Tank  
  164  10:49  Marine  
  151  10:51  Ghost x2  
  151  10:53  Marine, Medivac  
  151  10:56  Marine x2  
  161  10:59  Refinery  
  161  11:00  Refinery  
  161  11:05  Barracks Tech Lab  
  161  11:11  Ghost  
  161  11:12  Siege Tank  
  161  11:16  SCV x3  
  169  11:19  Ghost  
  169  11:20  Marauder, Siege Tank  
  169  11:23  Terran Vehicle Weapons Level 2  
  176  11:28  Command Center  
  176  11:44  Planetary Fortress, Missile Turret, Sensor Tower, Siege Tank  
  181  11:55  Refinery x2  
  181  11:57  Missile Turret  
  181  11:59  Marauder x2  
  181  12:00  Marine, Missile Turret  
  184  12:06  Siege Tank  
  184  12:07  Marine  
  188  12:10  Ghost x2  
  192  12:16  Siege Tank  
  193  12:23  Missile Turret  
  193  12:25  Marauder  
  193  12:28  Marauder  
  194  12:33  Personal Cloaking  
  194  12:38  Siege Tank  
  194  12:39  Marauder  
  194  12:41  Missile Turret  
  194  12:43  Missile Turret  
  108  12:44  Orbital Command  
  199  12:45  Missile Turret  
  199  12:50  Missile Turret  
  197  12:58  Ghost  
  184  13:09  Ghost  
  177  13:17  Marine, Siege Tank, Ghost  
  177  13:18  Marine  
  177  13:19  Marine, Marauder  
  171  13:28  Marauder  
  171  13:29  Marine x3  
  171  13:32  Marine  
  171  13:33  Marine  
  155  13:35  Marine  
  155  13:36  Marine  
  155  13:37  Marine  
  155  13:38  Marauder, Siege Tank  
  155  13:40  Marauder  
  153  13:46  Marauder  
  153  13:47  Marine x3, Terran Infantry Weapons Level 3, Terran Infantry Armor Level 3  
  155  13:48  Marine  
  155  13:50  Marine, Medivac x2  
  155  13:51  Marine  
  155  13:52  Command Center  
  155  13:53  Marine  
  155  13:54  Marine  
  155  13:55  Marine  
  168  14:00  Marauder  
  168  14:02  Marauder  
  169  14:04  Marine, Fusion Core  
  169  14:05  Starport  
  169  14:07  Marauder  
  169  14:08  Command Center  
  172  14:10  Siege Tank  
  172  14:13  Sensor Tower  
  175  14:18  Ghost  
  175  14:20  Ghost  
  179  14:26  Factory Tech Lab  
  179  14:27  Bunker  
  179  14:32  Command Center  
  179  14:35  Terran Vehicle And Ship Armor Level 1  
  178  14:39  Nuke, Ghost Academy  
  178  14:42  Siege Tank  
  178  14:44  Ghost  
  179  14:48  Marine, Marauder, Siege Tank  
  157  14:59  Ghost  
  143  15:00  Liberator x2  
  143  15:01  Ghost  
  150  15:07  Orbital Command  
  150  15:09  Ghost  
  150  15:13  Ghost  
  154  15:14  Siege Tank  
  157  15:29  Orbital Command  
  157  15:32  Marine, Ghost  
  157  15:35  Marine, Marauder  
  160  15:38  SCV x3  
  160  15:39  SCV  
  160  15:40  Siege Tank  
  162  15:43  Liberator  
  143  15:53  Marine, Marauder  
  143  15:56  Marine, Marauder  
  113  16:01  Marine x5  
  113  16:02  Marauder  
  113  16:03  Marine, Marauder  
  111  16:10  Marine  
  111  16:13  SCV x3  
  114  16:23  SCV x2  
  114  16:25  SCV x3  
  119  16:28  Orbital Command  
  119  16:32  Planetary Fortress  
  119  16:35  SCV  
  120  16:44  Marine x4  
  119  16:48  SCV  
  119  16:54  SCV x3  
  119  17:00  SCV  
  124  17:01  Sensor Tower  
  124  17:03  Missile Turret  
  124  17:06  SCV x2  
  124  17:08  SCV  
  124  17:13  SCV  
  126  17:18  SCV x2  
  126  17:20  SCV  
  126  17:22  Advanced Ballistics  
  129  17:25  SCV  
  129  17:28  Starport Reactor  
  130  17:30  SCV, Orbital Command  
  130  17:31  SCV  
  132  17:42  SCV x2  
  132  17:43  SCV  
  136  17:47  Command Center  
  136  17:48  Factory Tech Lab  
  130  18:00  Siege Tank  
  130  18:03  SCV x4  
  130  18:04  SCV  
  138  18:07  Liberator x2  
  138  18:10  Liberator  
  138  18:11  Liberator  
  150  18:18  Nuke x2  
  150  18:21  Siege Tank  
  150  18:22  Ghost  
  154  18:32  Siege Tank  
  157  18:39  Ghost, Command Center  
  159  18:45  Marine, Marauder  
  159  18:46  Missile Turret  
  162  18:49  Marine  
  162  18:50  Marauder  
  162  18:52  Liberator  
  162  18:53  Siege Tank  
  171  19:04  Ghost  
  171  19:05  Refinery  
  173  19:12  Ghost  
  173  19:16  Command Center  
  165  19:22  Liberator  
  136  19:34  SCV, Liberator  
  136  19:35  SCV x4  
  139  19:44  Refinery  
  139  19:46  SCV  
  139  19:47  SCV x3  
  139  19:50  SCV  
  144  19:59  SCV x2  
  146  20:03  SCV  
  146  20:04  Sensor Tower  
  146  20:05  SCV  
  148  20:08  Liberator x2  
  149  20:24  Ghost  
  147  20:38  Missile Turret  
  137  20:44  Marine, Siege Tank  
  137  20:46  Marine x2  
  137  20:49  Ghost  
  123  20:53  Orbital Command  
  120  20:58  SCV  
  120  20:59  SCV x4  
  120  21:02  Missile Turret  
  125  21:07  Marine  
  125  21:10  SCV  
  125  21:11  SCV x4  
  131  21:15  Refinery  
  131  21:21  Refinery  
  131  21:22  SCV  
  131  21:23  SCV x2  
  131  21:25  Sensor Tower  
  128  21:38  Ghost x2  
  129  21:42  Marine  
  129  21:43  Marine, Marauder  
  129  21:44  Marauder  
  129  21:46  Marine  
Show
View Real Time Build Order
Export as new Build Order

Lambo Zerg - Winner!

Build Orders: Hatch First, Lurkers 

Get SALT Encoding   

  12  0:00  Drone  
  13  0:12  Overlord  
  13  0:17  Drone  
  14  0:31  Drone x2  
  16  0:47  Hatchery  
  15  0:50  Drone  
  15  0:53  Drone  
  17  0:57  Drone  
  18  1:08  Extractor  
  17  1:12  Spawning Pool  
  17  1:15  Drone  
  17  1:18  Drone  
  18  1:29  Drone  
  19  1:40  Drone  
  20  1:50  Drone  
  21  1:59  Queen x2  
  21  2:00  Zergling x4  
  27  2:09  Drone  
  27  2:11  Overlord  
  28  2:19  Hatchery  
  28  2:22  Drone  
  28  2:30  Drone  
  28  2:32  Drone  
  28  2:33  Drone  
  31  2:38  Queen  
  33  2:50  Drone  
  33  2:51  Metabolic Boost, Overlord  
  34  2:55  Drone  
  34  2:57  Drone  
  36  3:08  Queen  
  36  3:10  Drone x4  
  42  3:14  Drone  
  42  3:15  Drone  
  44  3:25  Overlord  
  44  3:27  Overlord  
  44  3:30  Queen  
  44  3:33  Drone  
  44  3:34  Queen  
  47  3:37  Drone  
  50  3:43  Drone  
  50  3:45  Drone x3  
  54  3:51  Drone, Overlord  
  54  3:52  Drone x2  
  57  3:56  Drone x2  
  57  4:00  Overlord  
  59  4:04  Overlord  
  59  4:07  Drone x2  
  60  4:11  Overlord  
  60  4:17  Drone x2  
  60  4:18  Drone x3, Queen, Extractor  
  60  4:23  Overlord  
  66  4:26  Lair  
  66  4:27  Zergling x2  
  66  4:28  Zergling x2  
  68  4:35  Zergling x4  
  68  4:37  Drone  
  71  4:39  Spore Crawler  
  71  4:41  Spore Crawler x2  
  71  4:43  Drone x2  
  71  4:44  Drone  
  71  4:46  Drone x2  
  71  4:47  Baneling Nest  
  71  4:50  Zergling x10  
  77  4:56  Drone x2  
  77  4:57  Queen  
  81  5:01  Extractor x2  
  78  5:08  Zergling x6  
  72  5:19  Drone x6  
  67  5:23  Drone x3  
  67  5:26  Overseer  
  68  5:30  Drone x6  
  71  5:36  Drone x3  
  73  5:44  Drone  
  73  5:47  Drone, Extractor x2  
  73  5:48  Drone  
  73  5:49  Overseer, Centrifugal Hooks  
  74  5:54  Evolution Chamber  
  74  5:55  Drone  
  74  5:56  Drone  
  75  5:57  Evolution Chamber  
  75  5:58  Drone  
  75  5:59  Hatchery  
  75  6:02  Drone x3  
  77  6:05  Drone  
  77  6:08  Drone  
  77  6:09  Drone x4  
  83  6:12  Drone  
  83  6:15  Drone x2  
  86  6:23  Zerg Melee Weapons Level 1, Zergling x6, Zerg Ground Armor Level 1  
  89  6:26  Baneling  
  89  6:30  Queen  
  91  6:34  Zergling x6  
  91  6:35  Hydralisk Den  
  91  6:38  Overlord  
  91  6:39  Zergling x4  
  95  6:41  Zergling x2  
  95  6:46  Zergling x2  
  97  6:47  Overlord x2  
  97  6:48  Baneling x6  
  97  6:52  Overlord  
  97  6:57  Zergling x12  
  97  6:58  Baneling  
  97  6:59  Hatchery  
  102  7:04  Muscular Augments  
  102  7:07  Zergling x8  
  106  7:13  Zergling x12  
  112  7:18  Zergling x4  
  112  7:21  Baneling x7  
  114  7:23  Zergling x10  
  114  7:27  Zergling x2  
  120  7:33  Zergling x6  
  119  7:38  Zergling x2  
  116  7:45  Zergling x4  
  116  7:47  Zergling x12  
  117  7:53  Drone  
  117  7:56  Drone x2  
  120  7:58  Drone  
  120  8:03  Drone  
  120  8:05  Spore Crawler  
  118  8:12  Drone x8  
  123  8:14  Baneling x4  
  123  8:16  Hydralisk x2  
  123  8:19  Queen  
  127  8:20  Hydralisk x3  
  127  8:24  Drone  
  127  8:25  Overlord x2  
  127  8:26  Zerg Ground Armor Level 2, Zerg Melee Weapons Level 2  
  133  8:27  Grooved Spines  
  133  8:28  Infestation Pit  
  133  8:31  Overlord  
  133  8:32  Overlord  
  132  8:34  Overlord  
  132  8:38  Overlord, Extractor  
  132  8:40  Hydralisk, Extractor  
  132  8:48  Overlord  
  131  8:53  Zergling x30  
  131  8:54  Baneling x3  
  131  8:55  Baneling x2  
  144  9:02  Drone x7  
  151  9:04  Lurker Den  
  151  9:07  Hive  
  151  9:08  Drone x8  
  158  9:13  Spore Crawler  
  158  9:14  Hydralisk x3  
  163  9:19  Overseer  
  163  9:20  Overseer  
  163  9:22  Hydralisk  
  165  9:24  Overlord  
  165  9:28  Overlord  
  165  9:31  Overlord x2  
  165  9:33  Baneling x2  
  165  9:37  Hatchery  
  164  9:41  Overlord  
  164  9:42  Queen, Overlord  
  164  9:43  Overlord  
  166  9:46  Hydralisk x4  
  166  9:51  Hydralisk x3  
  180  9:56  Baneling x9  
  180  9:57  Zergling x2  
  180  9:58  Zergling x2  
  181  10:03  Zergling x12  
  184  10:10  Zergling x14  
  184  10:11  Zergling x6  
  191  10:18  Zergling x2  
  191  10:19  Zergling x10  
  197  10:25  Zergling x6  
  199  10:29  Seismic Spines  
  199  10:30  Overlord  
  192  10:37  Zergling x10  
  192  10:40  Zergling x2  
  192  10:41  Zergling x16  
  187  10:43  Zergling x2  
  187  10:44  Zergling x4  
  187  10:45  Zergling x2  
  187  10:46  Zergling x4  
  187  10:49  Viper x2  
  188  10:51  Zerg Missile Weapons Level 1  
  188  10:56  Viper  
  197  11:00  Zerg Ground Armor Level 3  
  197  11:05  Baneling x6  
  197  11:07  Lurker x2  
  199  11:17  Spore Crawler  
  198  11:20  Overseer  
  198  11:26  Adaptive Talons  
  198  11:28  Adrenal Glands  
  198  11:30  Lurker  
  199  11:34  Hatchery, Extractor x2  
  196  11:40  Lurker x3  
  196  11:41  Pneumatized Carapace  
  199  11:52  Overseer  
  199  12:12  Overseer  
  198  12:22  Lurker x3  
  198  12:29  Spine Crawler  
  197  12:30  Spore Crawler  
  196  12:37  Hydralisk x2  
  200  12:45  Zerg Melee Weapons Level 3  
  200  12:50  Baneling x12  
  198  12:54  Lurker x2  
  187  13:11  Zergling x14  
  189  13:16  Zergling x12  
  176  13:20  Zergling x2  
  176  13:21  Zergling x10  
  176  13:23  Zergling x6  
  176  13:25  Hydralisk  
  176  13:26  Hydralisk x8  
  183  13:27  Zergling x20  
  183  13:28  Zergling x6  
  183  13:31  Zergling x26  
  196  13:37  Zerg Missile Weapons Level 2  
  196  13:38  Hydralisk x4  
  190  13:54  Overseer x2  
  186  13:56  Lurker  
  186  13:57  Lurker x3  
  186  13:58  Lurker x6  
  186  13:59  Lurker x2  
  186  14:01  Queen  
  200  14:03  Spore Crawler  
  200  14:05  Spore Crawler  
  200  14:07  Baneling x12  
  198  14:14  Lurker  
  198  14:15  Lurker  
  200  14:17  Hatchery  
  200  14:18  Drone  
  200  14:22  Baneling x4  
  200  14:30  Extractor  
  199  14:32  Extractor  
  194  14:45  Overseer x5  
  190  14:47  Zergling x30  
  190  14:51  Zergling x10  
  190  14:52  Zergling x8  
  197  14:54  Overseer  
  197  14:55  Zergling x12  
  197  14:58  Zergling x14  
  197  15:02  Zergling x6  
  197  15:03  Overseer  
  200  15:13  Overseer x3  
  197  15:33  Overseer  
  191  15:43  Hatchery  
  191  15:46  Zergling x44  
  191  15:49  Hydralisk x2  
  187  15:54  Hydralisk  
  183  16:00  Viper x2  
  183  16:01  Viper  
  183  16:02  Hydralisk x8  
  191  16:05  Hydralisk  
  191  16:07  Baneling  
  191  16:08  Baneling x15  
  187  16:12  Drone x5  
  192  16:19  Lurker  
  192  16:20  Lurker x2  
  192  16:23  Drone x2  
  197  16:26  Zerg Missile Weapons Level 3  
  197  16:27  Drone x2  
  197  16:52  Overlord x2  
  191  17:06  Drone x8  
  197  17:11  Lurker x3  
  195  17:23  Zergling x8  
  195  17:25  Overseer  
  199  17:31  Hatchery  
  197  17:42  Spore Crawler  
  197  17:43  Spore Crawler  
  195  17:57  Drone x3  
  190  17:59  Zergling x20  
  200  18:17  Extractor  
  200  18:19  Extractor  
  198  18:22  Hatchery  
  194  18:38  Hydralisk x4  
  163  19:31  Zergling x56  
  163  19:36  Viper x2  
  187  19:43  Zergling x20  
  187  19:44  Zergling x4  
  199  19:58  Baneling x10  
  199  20:05  Spore Crawler  
  199  20:06  Drone x2, Spore Crawler  
  198  20:21  Zergling x4  
  187  20:40  Zergling x26  
  187  20:42  Zergling x18  
  200  20:43  Zergling x2  
  200  20:45  Zergling x2  
  200  20:46  Zergling x26  
  200  20:48  Hydralisk x4  
  193  21:04  Lurker x5  
  198  21:05  Baneling x15  
  198  21:06  Overseer x2  
  198  21:15  Baneling x11  
  198  21:18  Extractor  
  198  21:20  Extractor  
  198  21:21  Zergling x8, Hatchery  
  199  21:29  Zergling x12  
  199  21:31  Zergling x8  
  197  21:34  Zergling x12  
  197  21:39  Zergling x6  
Tags
 
Add a new tag
Caveats
  • Supply blocks, unpowered buildings, or Contaminate may cause inaccurate times.
  • Supply counts are checked every 10 seconds.